[Event "January 9 Early 2024"]
[Site "https://www.chess.com"]
[Date "2024.01.11"]
[Round "4"]
[White "Bortnyk, Olexandr"]
[Black "Maksimovic, Bojan"]
[Result "1-0"]
[Board "248"]
[TimeControl "180+1"]
[WhiteFideId "14120828"]
[BlackFideId "14408120"]
[WhiteElo "3126"]
[BlackElo "2907"]
[WhiteTeam "UKR"]
[BlackTeam "BIH"]
[WhiteClock "0:00:06"]
[BlackClock "0:00:02"]

1. e4 c5 2. c3 d5 3. exd5 Qxd5 4. d4 Nf6 5. Be3 e6 6. dxc5 Qxd1+ 7. Kxd1 Ng4 8. b4 Nxe3+ 9. fxe3 Nc6 10. Nf3 a5 11. Bb5 Bd7 12. Bxc6 Bxc6 13. a3 b6 14. cxb6 axb4 15. cxb4 Bxb4 16. Nd4 Bxg2 17. Rg1 Bd5 18. Rxg7 Ke7 19. Ke2 Bb7 20. Nd2 Rxa3 21. Rxa3 Bxa3 22. N2b3 Bb4 23. Kd3 Ba6+ 24. Ke4 Bb7+ 25. Kd3 Ba6+ 26. Kc2 Rc8+ 27. Kb2 Rc3 28. Rxh7 Rc8 29. Rh5 Bb7 30. Na5 Bxa5 31. Rxa5 Kd6 32. h4 Be4 33. Ra7 Rb8 34. Rxf7 Rxb6+ 35. Kc3 Rb8 36. Rf6 Rc8+ 37. Kd2 Bd5 38. h5 Ke5 39. Rg6 Rh8 40. h6 Be4 41. Rxe6+ Kd5 42. Ke2 Bb1 43. Kf3 Rf8+ 44. Kg4 Rg8+ 45. Kf4 Rf8+ 46. Kg5 Rg8+ 47. Kf6 Rg1 48. Re5+ Kc4 49. Nf5 Rh1 50. e4 Rh5 51. Kg6 Rh1 52. h7 Rg1+ 53. Kh5 1-0

[Event "January 9 Early 2024"]
[Site "https://www.chess.com"]
[Date "2024.01.11"]
[Round "4"]
[White "Pranav, V"]
[Black "Klekowski, Maciej"]
[Result "1-0"]
[Board "249"]
[TimeControl "180+1"]
[WhiteFideId "25060783"]
[BlackFideId "1132717"]
[WhiteElo "3038"]
[BlackElo "2862"]
[WhiteTeam "IND"]
[BlackTeam "POL"]
[WhiteClock "0:00:08"]
[BlackClock "0:00:03"]

1. e4 c5 2. Nf3 e6 3. b3 Nc6 4. Bb2 a6 5. d4 cxd4 6. Nxd4 Bb4+ 7. Bc3 Qa5 8. Qd2 Qe5 9. Nxc6 Qxe4+ 10. Be2 Qxg2 11. Nxb4 Qxh1+ 12. Bf1 Nf6 13. Qf4 Qe4+ 14. Qxe4 Nxe4 15. Bxg7 Rg8 16. Bd4 d6 17. Nc3 Nxc3 18. Bxc3 a5 19. Nd3 e5 20. O-O-O Bg4 21. Re1 b6 22. Nb2 Kd7 23. Nc4 Kc7 24. a4 Be6 25. Be2 f6 26. Bd2 d5 27. Na3 Rg2 28. f4 Rag8 29. fxe5 fxe5 30. Bd1 e4 31. Nb5+ Kc6 32. Bf4 Bg4 33. Nd4+ Kd7 34. Bg3 h5 35. Bxg4+ Rxg4 36. Nf5 h4 37. Nxh4 Rxh4 38. Bxh4 Rxh2 39. Bf6 Kc6 40. Bd4 Rh3 41. Rf1 b5 42. Rf6+ Kd7 43. axb5 e3 44. Rf1 e2 45. Re1 Rh4 46. c3 1-0

[Event "January 9 Early 2024"]
[Site "https://www.chess.com"]
[Date "2024.01.11"]
[Round "4"]
[White "Svane, Frederik"]
[Black "Zhao, Jun"]
[Result "1-0"]
[Board "250"]
[TimeControl "180+1"]
[WhiteFideId "12923044"]
[BlackFideId "8602522"]
[WhiteElo "3000"]
[BlackElo "2770"]
[WhiteTeam "GER"]
[BlackTeam "CHN"]
[WhiteClock "0:00:02"]
[BlackClock "0:00:01"]

1. e4 c5 2. Nf3 d6 3. Bb5+ Bd7 4. c4 Nf6 5. Nc3 g6 6. O-O Bg7 7. d4 cxd4 8. Nxd4 O-O 9. h3 Nc6 10. Be3 Nxd4 11. Bxd4 Be6 12. b3 a6 13. Ba4 Rc8 14. Rc1 Qa5 15. Qd3 Bh6 16. Rcd1 Nh5 17. Ne2 Nf4 18. Nxf4 Bxf4 19. Bc3 Qc5 20. Bd4 Qa5 21. Bc3 Qc7 22. Bd2 Bxd2 23. Rxd2 Qc5 24. Kh1 Rb8 25. Rb1 Rfc8 26. f4 f6 27. Qf3 Qa5 28. Rd4 b5 29. f5 Bf7 30. fxg6 hxg6 31. e5 dxe5 32. Rd7 bxa4 33. Rxe7 axb3 34. Qxf6 Rf8 35. axb3 Rb6 36. Qg5 Kg7 37. Rf1 Qc5 38. Rxe5 Qd6 39. Re7 Rc6 40. Ra7 Rc7 41. Rxc7 Qxc7 42. Qf6+ 1-0

[Event "January 9 Early 2024"]
[Site "https://www.chess.com"]
[Date "2024.01.11"]
[Round "4"]
[White "Saydaliev, Saidakbar"]
[Black "Pinero Rodriguez, Carlos Jose"]
[Result "0-1"]
[Board "251"]
[TimeControl "180+1"]
[WhiteFideId "14203693"]
[BlackFideId "3901726"]
[WhiteElo "2754"]
[BlackElo "2569"]
[WhiteTeam "UZB"]
[BlackTeam "VEN"]
[WhiteClock "0:00:08"]
[BlackClock "0:00:06"]

1. e3 c5 2. Nf3 Nf6 3. b3 b6 4. Bb2 Bb7 5. g3 e6 6. Bg2 Be7 7. O-O O-O 8. c4 d6 9. Nc3 Nbd7 10. d4 a6 11. Qe2 Qc7 12. Rfd1 Rad8 13. Rac1 Qb8 14. d5 exd5 15. cxd5 b5 16. e4 Rfe8 17. Qd3 Bf8 18. Re1 b4 19. Nb1 a5 20. Nbd2 Nb6 21. Nh4 Nfd7 22. Nf5 g6 23. Qe3 f6 24. Nh6+ Kg7 25. Qg5 Ne5 26. Qh4 Be7 27. f4 Nd3 28. Ba1 Nxc1 29. Ng4 Rf8 30. Rxc1 Nd7 31. Nf3 h5 32. Ne3 Rh8 33. Ng5 Nf8 34. f5 Bc8 35. Rf1 Bd7 36. Bh3 Qc8 37. Ne6+ Bxe6 38. fxe6 Nh7 39. Nf5+ gxf5 40. Rxf5 c4 41. bxc4 Qc5+ 42. Kh1 Qxc4 43. Qxh5 Qc1+ 44. Rf1 Qe3 45. Qf7+ Kh6 46. Bg2 Rde8 47. g4 Ng5 48. Rf5 Nxf7 0-1

[Event "January 9 Early 2024"]
[Site "https://www.chess.com"]
[Date "2024.01.11"]
[Round "4"]
[White "Herman, Daniel"]
[Black "Klukin, Kirill"]
[Result "0-1"]
[Board "252"]
[TimeControl "180+1"]
[WhiteFideId "30935008"]
[BlackFideId "24199273"]
[WhiteElo "2427"]
[BlackElo "2816"]
[WhiteTeam "USA"]
[BlackTeam "RUS"]
[WhiteClock "0:00:11"]
[BlackClock "0:00:17"]

1. d4 d5 2. c4 e6 3. Nc3 a6 4. Bf4 Nf6 5. e3 dxc4 6. Bxc4 b5 7. Bb3 Bb7 8. Nf3 Nbd7 9. O-O c5 10. a4 c4 11. Bc2 b4 12. Ne2 a5 13. Ng3 Be7 14. e4 h6 15. d5 exd5 16. Nf5 O-O 17. exd5 Nxd5 18. Bxh6 Bf6 19. Nd6 Bc6 20. Qe2 Re8 21. Nxe8 Qxe8 22. Qxc4 N7b6 23. Qg4 Bd7 24. Qg3 Rc8 25. Rfe1 Qd8 26. Bb3 Qc7 27. Bd2 Qxg3 28. hxg3 Bxb2 29. Rad1 Bc3 30. Ne5 Be6 31. f4 Bxd2 32. Rxd2 Rc3 33. f5 Rxb3 34. fxe6 fxe6 35. Rc1 Rc3 36. Rdc2 Nxa4 37. Nc6 Rxc2 38. Rxc2 b3 39. Rc1 b2 40. Rb1 Ndc3 41. Rxb2 Nxb2 42. Nxa5 Kf7 43. Nc6 Nd5 44. Ne5+ Kf6 45. Ng4+ Ke7 46. Kf2 Nc4 47. Kf3 Nd6 48. Ne5 Nf7 49. Ng6+ Kf6 50. Nh4 Ne5+ 51. Ke4 g5 52. Nf3 Nxf3 53. gxf3 Ne7 54. f4 g4 55. Kd4 Nf5+ 0-1

[Event "January 9 Early 2024"]
[Site "https://www.chess.com"]
[Date "2024.01.11"]
[Round "4"]
[White "Verbin, Valentina"]
[Black "Kraus, Tomas"]
[Result "0-1"]
[Board "253"]
[TimeControl "180+1"]
[WhiteFideId "13905910"]
[BlackFideId "331708"]
[WhiteElo "2139"]
[BlackElo "2360"]
[WhiteTeam "MDA"]
[BlackTeam "CZE"]
[WhiteClock "0:00:05"]
[BlackClock "0:00:16"]

1. Nf3 Nf6 2. d3 d6 3. e4 c5 4. Be2 Nc6 5. O-O g6 6. c3 Bg7 7. Be3 O-O 8. h3 e6 9. Qd2 b6 10. a4 d5 11. e5 Nd7 12. d4 Na5 13. Bh6 Nb3 14. Qf4 Nxa1 15. Nbd2 Nc2 16. Bd3 Nxd4 17. cxd4 cxd4 18. Nxd4 Bxe5 19. Qe3 Bg7 20. Nc6 Qc7 21. Rc1 Kh8 22. Nb3 Qd6 23. Bf4 e5 24. Bh6 Bb7 25. Bb5 d4 26. Bxg7+ Kxg7 27. Qd2 Nc5 28. Nxc5 bxc5 29. Na5 Bd5 30. Bc4 f5 31. Bxd5 Qxd5 32. Qg5 Rf6 33. Nc4 e4 34. Nd2 h6 35. Qf4 Rd8 36. Qc7+ Rd7 37. Qxc5 Qxc5 38. Rxc5 e3 39. fxe3 dxe3 40. Nf3 Rd1+ 41. Kh2 Re6 42. Rc7+ Kf6 43. Rxa7 e2 44. a5 Re3 45. Ra6+ Ke7 46. Ra7+ Kd6 47. Ra6+ Kc5 48. Rxg6 Rxf3 49. Re6 e1=Q 50. Rxe1 Rxe1 51. gxf3 Re2+ 52. Kg3 Rxb2 53. Kf4 Rf2 54. Kxf5 Rxf3+ 55. Kg6 Rxh3 56. a6 Rh1 57. a7 Ra1 58. Kxh6 Rxa7 0-1

[Event "January 9 Early 2024"]
[Site "https://www.chess.com"]
[Date "2024.01.11"]
[Round "4"]
[White "Tan, Ralph"]
[Black "Llorente Zaro, Alfonso"]
[Result "1-0"]
[Board "254"]
[TimeControl "180+1"]
[WhiteFideId "30966590"]
[BlackFideId "2254131"]
[WhiteElo "2556"]
[BlackElo "2703"]
[WhiteTeam "USA"]
[BlackTeam "ESP"]
[WhiteClock "0:00:14"]
[BlackClock "0:00:13"]

1. e4 d6 2. Nf3 Nf6 3. Nc3 e5 4. d4 Nbd7 5. g4 g6 6. g5 Nh5 7. Be3 c6 8. Qd2 Be7 9. O-O-O b5 10. d5 b4 11. dxc6 bxc3 12. cxd7+ Qxd7 13. Qxc3 Bb7 14. Nxe5 Qe6 15. Nc6 O-O 16. Bc4 Qd7 17. Nxe7+ Qxe7 18. f3 Rfc8 19. Qd3 Rab8 20. Bb3 d5 21. exd5 a5 22. d6 Qd7 23. Qd4 Bc6 24. Rhe1 a4 25. Bd5 a3 26. b3 Ng7 27. Qa7 Rb7 28. Qxa3 Nf5 29. Kb1 Re8 30. Bc1 Rc8 31. Bxc6 Qxc6 32. Qb2 Rd7 33. Re5 Nxd6 34. Red5 Rcd8 35. Bf4 Nb5 36. Rxd7 Rxd7 37. Rxd7 Qxd7 38. Qe5 Qc6 39. Qb8+ Kg7 40. Be5+ f6 41. gxf6+ Kf7 42. Qh8 Ke6 43. Qg7 Nd6 44. Qe7+ Kf5 45. f7 Qxf3 46. f8=Q+ Kg4 47. Qxf3+ Kxf3 48. Qxd6 Kg2 49. Qf6 Kh3 50. c4 g5 51. c5 h5 52. c6 g4 53. Bg3 h4 54. Qxh4+ Kg2 55. Qxg4 Kh1 56. h4 Kg2 57. h5 Kh1 58. h6 Kg2 59. h7 Kg1 60. Bf4+ Kf2 61. h8=Q Kf1 62. Qh1+ Kf2 63. Qgg2# 1-0

[Event "January 9 Early 2024"]
[Site "https://www.chess.com"]
[Date "2024.01.11"]
[Round "4"]
[White "Dinu, Dumitru-Daniel"]
[Black "Csonka, Balazs"]
[Result "0-1"]
[Board "255"]
[TimeControl "180+1"]
[WhiteFideId "1208403"]
[BlackFideId "742910"]
[WhiteElo "2504"]
[BlackElo "2709"]
[WhiteTeam "ROU"]
[BlackTeam "HUN"]
[WhiteClock "0:00:05"]
[BlackClock "0:00:03"]

1. e4 c5 2. Nf3 e6 3. d4 cxd4 4. Nxd4 a6 5. Nc3 Qc7 6. Qd3 Nf6 7. Be2 b5 8. Bd2 Bb7 9. f3 b4 10. Nd1 d5 11. exd5 Nxd5 12. Ne3 Bc5 13. Nxd5 Bxd5 14. Nb3 Be7 15. O-O Nc6 16. c4 bxc3 17. Bxc3 O-O 18. Qe3 a5 19. Kh1 Rfc8 20. Rac1 a4 21. Nd4 Bc5 22. Qg5 Qe7 23. Qxe7 Bxe7 24. a3 Nxd4 25. Bxd4 Bb3 26. Bc3 Rc7 27. Bd1 Rb8 28. Bxb3 Rxb3 29. Be5 Rxc1 30. Rxc1 f6 31. Bc3 Kf7 32. Kg1 e5 33. Kf1 Ke6 34. Ke2 f5 35. Kd3 Kd5 36. Kc2 Bf6 37. Rd1+ Ke6 38. Re1 Rb5 39. Rd1 g5 40. Re1 h5 41. Rd1 g4 42. Re1 Kd5 43. f4 Ke6 44. fxe5 Bxe5 45. Rd1 f4 46. Bxe5 Kxe5 47. Kc3 Ke4 48. Rd2 f3 49. gxf3+ gxf3 50. Kc4 Rb3 51. Rd4+ Ke3 52. Kc5 f2 53. Rd1 Ke2 0-1

[Event "January 9 Early 2024"]
[Site "https://www.chess.com"]
[Date "2024.01.11"]
[Round "4"]
[White "Rodriguez Santiago, Jaime"]
[Black "Rustamov, Rustam"]
[Result "1-0"]
[Board "256"]
[TimeControl "180+1"]
[WhiteFideId "3100898"]
[BlackFideId "13440110"]
[WhiteElo "2299"]
[BlackElo "2884"]
[WhiteTeam "PUR"]
[BlackTeam "AZE"]
[WhiteClock "0:00:05"]
[BlackClock "0:00:15"]

1. d4 Nf6 2. c4 e6 3. Nf3 d5 4. Nc3 Bb4 5. cxd5 exd5 6. Bg5 h6 7. Bh4 g5 8. Bg3 Ne4 9. Qc2 h5 10. h4 Nxg3 11. fxg3 g4 12. Nd2 Nc6 13. e3 Bd6 14. O-O-O Bxg3 15. Bb5 Be6 16. e4 a6 17. exd5 Bxd5 18. Qf5 Be6 19. Bxc6+ bxc6 20. Qd3 Bf4 21. Rde1 Qd7 22. Ne4 Qe7 23. Rhf1 Bh6 24. Kb1 Kf8 25. Nc5 Kg7 26. Nxe6+ fxe6 27. Nc4 Rhf8 28. Ne5 Rf6 29. Rxf6 Qxf6 30. Rf1 Bf4 31. g3 Bxe5 32. Rxf6 Bxf6 33. Qe4 Rd8 34. Qxc6 Rxd4 35. Qxc7+ Kg6 36. b3 Rd2 37. Kc1 Rg2 38. Qf4 Rxa2 39. Qe4+ Kg7 40. Qxe6 Ra1+ 41. Kc2 a5 42. Qf5 Ra2+ 43. Kd3 Rg2 44. Qf4 Rg1 45. Kc4 Rb1 46. Qf5 Rc1+ 47. Kb5 Rc3 48. Ka4 Rxg3 49. Qxh5 Rg1 50. Qf5 g3 51. h5 Ba1 52. Qg6+ Kf8 53. Qd6+ Kf7 54. Qd7+ Kf6 55. Qc6+ Kf7 56. Qb7+ Kg8 57. Qb8+ Kh7 58. Qa7+ 1-0

[Event "January 9 Early 2024"]
[Site "https://www.chess.com"]
[Date "2024.01.11"]
[Round "4"]
[White "Dominguez Perez, Leinier"]
[Black "Al-Tarboush, Ward"]
[Result "1-0"]
[Board "257"]
[TimeControl "180+1"]
[WhiteFideId "3503240"]
[BlackFideId "7601450"]
[WhiteElo "2960"]
[BlackElo "2633"]
[WhiteTeam "USA"]
[BlackTeam "NOR"]
[WhiteClock "0:00:05"]
[BlackClock "0:00:04"]

1. e4 e6 2. d4 d5 3. Nc3 Nf6 4. e5 Nfd7 5. Nce2 c5 6. c3 Nc6 7. Nf3 Qb6 8. a3 Be7 9. Nf4 a5 10. h4 a4 11. Rh3 Qc7 12. Bd3 Nb6 13. Rg3 g6 14. h5 Bd7 15. Be3 c4 16. Bc2 Na5 17. Ng5 Bxg5 18. Rxg5 O-O-O 19. Rg3 Rdg8 20. Nh3 Nb3 21. Rb1 gxh5 22. Qxh5 Rxg3 23. fxg3 Be8 24. Qh4 Nd7 25. Qh6 f5 26. Qxe6 Bg6 27. Bf4 Re8 28. Qxd5 Nf6 29. Qb5 Ne4 30. Ng5 Nxg5 31. Bxg5 Re6 32. Bf4 Be8 33. Qd5 Qf7 34. Qxc4+ Kb8 35. d5 Re7 36. e6+ Ka8 37. Qc8+ Ka7 38. Qb8+ Ka6 39. Bd3+ b5 40. Qa8+ Kb6 41. Qd8+ Ka6 42. Qd6+ Kb7 43. Kf2 Qg7 44. Re1 Bh5 45. Qb8+ Ka6 46. d6 Nc5 47. dxe7 Nxd3+ 48. Kg1 Nxe1 49. Qa8+ Kb6 50. Be3+ Kc7 51. e8=Q Bxe8 52. Qa7+ Kd6 53. Qxg7 1-0

[Event "January 9 Early 2024"]
[Site "https://www.chess.com"]
[Date "2024.01.11"]
[Round "4"]
[White "Olenik Campa, Rudi"]
[Black "Shohat, Yotam"]
[Result "0-1"]
[Board "258"]
[TimeControl "180+1"]
[WhiteFideId "14633264"]
[BlackFideId "2813955"]
[WhiteElo "2565"]
[BlackElo "2427"]
[WhiteTeam "SLO"]
[BlackTeam "ISR"]
[WhiteClock "0:00:03"]
[BlackClock "0:00:02"]

1. e4 c5 2. Nf3 g6 3. c3 d5 4. exd5 Qxd5 5. Na3 Nf6 6. d4 cxd4 7. Nb5 Na6 8. Nbxd4 Bg7 9. Be2 O-O 10. O-O Bd7 11. h3 Rfd8 12. Qb3 e5 13. Bc4 Qd6 14. Bxf7+ Kh8 15. Ne6 Bxe6 16. Qxe6 Nc5 17. Qxd6 Rxd6 18. Bc4 Nfe4 19. Be3 h6 20. Rfe1 Re8 21. Rad1 b6 22. Rxd6 Nxd6 23. Bxc5 Nxc4 24. Bd4 Nxb2 25. Nxe5 Kg8 26. Nf3 Rxe1+ 27. Nxe1 Na4 28. Bxg7 Kxg7 29. c4 Nb2 30. Kf1 Nxc4 31. Ke2 Kf6 32. Kd3 Nd6 33. Kd4 Ke6 34. Nd3 g5 35. g3 Nb5+ 36. Kc4 Nc7 37. a4 Kd6 38. f4 Nd5 39. fxg5 hxg5 40. Kd4 Ne7 41. Ke4 Ke6 42. h4 gxh4 43. gxh4 Nf5 44. Nf4+ Kf6 45. Ng2 a6 46. Kd5 b5 47. a5 Ne7+ 48. Kc5 Ke5 49. h5 Nf5 50. Ne1 Ke4 0-1

[Event "January 9 Early 2024"]
[Site "https://www.chess.com"]
[Date "2024.01.11"]
[Round "4"]
[White "Tikhonov, Viacheslav"]
[Black "Chemin, Justo Reinaldo"]
[Result "1-0"]
[Board "259"]
[TimeControl "180+1"]
[WhiteFideId "44196407"]
[BlackFideId "2101580"]
[WhiteElo "2542"]
[BlackElo "2233"]
[WhiteTeam "RUS"]
[BlackTeam "BRA"]
[WhiteClock "0:00:15"]
[BlackClock "0:00:23"]

1. e4 e6 2. d4 d5 3. Bd3 dxe4 4. Bxe4 Nf6 5. Bf3 c5 6. Ne2 Nc6 7. Be3 Qb6 8. Nbc3 cxd4 9. Nxd4 Nxd4 10. Qxd4 Qxd4 11. Bxd4 Bd7 12. O-O-O Bc6 13. Bxc6+ bxc6 14. Bxf6 gxf6 15. Ne4 Be7 16. Nd6+ Kf8 17. Rhe1 f5 18. f4 Rg8 19. g3 h5 20. Re3 h4 21. c4 Kg7 22. Nxf5+ exf5 23. Rxe7 hxg3 24. hxg3 Kf6 25. Rdd7 Raf8 26. Re3 Re8 27. Rxe8 Rxe8 28. Rd6+ Kg7 29. Rxc6 Re3 30. Rc8 Rxg3 31. c5 Rf3 32. c6 Rxf4 33. b3 Rf1+ 34. Kd2 Rf2+ 35. Kd3 Rf3+ 36. Kd4 Rf2 37. Ke5 f4 38. c7 Rc2 39. Kxf4 Kf6 40. b4 Rc4+ 41. Ke3 Kf5 42. b5 Rc3+ 43. Kd4 Rc2 44. a4 Kf4 45. a5 f5 46. b6 axb6 47. axb6 Rd2+ 48. Kc3 Rd6 49. Rb8 Rc6+ 50. Kb4 Kf3 51. c8=Q Rxc8 52. Rxc8 f4 53. b7 Kg2 54. b8=Q f3 55. Rf8 f2 56. Rxf2+ Kxf2 57. Qe8 Kf3 58. Kc3 Kf4 59. Kd2 Kf5 60. Ke3 Kf6 61. Ke4 Kg5 62. Kf3 Kf6 63. Kf4 Kg7 64. Kg5 Kh7 65. Qe7+ Kg8 66. Kg6 Kh8 67. Qe8# 1-0

[Event "January 9 Early 2024"]
[Site "https://www.chess.com"]
[Date "2024.01.11"]
[Round "4"]
[White "Essing, Arnold"]
[Black "Ladan, Nicholas"]
[Result "0-1"]
[Board "260"]
[TimeControl "180+1"]
[WhiteFideId "4619862"]
[BlackFideId "30918855"]
[WhiteElo "2265"]
[BlackElo "2485"]
[WhiteTeam "GER"]
[BlackTeam "USA"]
[WhiteClock "0:00:02"]
[BlackClock "0:00:06"]

1. d4 d5 2. Nf3 Nf6 3. c4 e6 4. Nc3 b6 5. Bg5 Be7 6. e3 Bb7 7. Bd3 dxc4 8. Bxc4 O-O 9. O-O Ne4 10. Nxe4 Bxe4 11. Bf4 Bd6 12. Ne5 Nd7 13. Nxd7 Qxd7 14. Bxd6 cxd6 15. Qe2 Rfc8 16. Rac1 Rc7 17. Ba6 Rb8 18. b3 b5 19. Rxc7 Qxc7 20. Bxb5 Qa5 21. Ba6 Rb6 22. Rc1 g6 23. Bc8 h5 24. f3 Bc6 25. h3 Bb5 26. Qe1 Qxa2 27. Ra1 Qxb3 28. Rxa7 Qc2 29. Rb7 Rxb7 30. Bxb7 d5 31. Qf2 Qc7 32. Ba8 Qa5 33. Bb7 Qa7 34. Bc8 Qb8 35. Qc2 Bc4 36. Bd7 Qb7 37. Ba4 Qb4 38. Kh2 Kg7 39. h4 Qe1 40. Kh3 Qxe3 41. Qd1 Qf4 42. g3 Qf5+ 43. Kg2 Qf6 44. Qd2 Qe7 45. Qf4 Qf6 46. Qxf6+ Kxf6 47. g4 e5 48. dxe5+ Kxe5 49. Kf2 Kf4 50. gxh5 gxh5 51. Be8 d4 0-1

[Event "January 9 Early 2024"]
[Site "https://www.chess.com"]
[Date "2024.01.11"]
[Round "4"]
[White "Donchenko, Alexander"]
[Black "Vlassov, Nikolai"]
[Result "1/2-1/2"]
[Board "261"]
[TimeControl "180+1"]
[WhiteFideId "24603295"]
[BlackFideId "4103360"]
[WhiteElo "2939"]
[BlackElo "2650"]
[WhiteTeam "GER"]
[BlackTeam "FID"]
[WhiteClock "0:00:07"]
[BlackClock "0:00:21"]

1. Nf3 c5 2. c4 g6 3. d4 Bg7 4. e4 Qa5+ 5. Bd2 Qb6 6. Bc3 Nc6 7. dxc5 Bxc3+ 8. Nxc3 Qxb2 9. Qc1 Qxc1+ 10. Rxc1 Nf6 11. Nd5 Kd8 12. Nxf6 exf6 13. Bd3 b6 14. cxb6 axb6 15. Bb1 Ra4 16. O-O Ba6 17. Nd2 Na5 18. Rfd1 Bxc4 19. Bc2 Rb4 20. a3 Rb2 21. Nxc4 Nxc4 22. Ba4 b5 23. Bxb5 Rxb5 24. Rxc4 Ke7 25. Kf1 f5 26. Rcd4 Rd8 27. a4 Ra5 28. exf5 Rxf5 29. Ke2 Ra5 30. Kd3 Rda8 31. Re1+ Kf6 32. Ra1 d5 33. Kc3 Rb8 34. Rb4 Rc8+ 35. Kb3 Rcc5 36. Re1 h5 37. Re3 g5 38. Rf3+ Kg6 39. Rb6+ Kg7 40. Rb7 g4 41. Rfxf7+ Kg6 42. Rfc7 d4 43. Rxc5 Rxc5 44. Rd7 Rc3+ 45. Kb4 Rc2 46. Rxd4 Rxf2 47. g3 Rxh2 48. a5 Rg2 49. Rd3 h4 50. gxh4 Kh5 51. a6 Rb2+ 52. Rb3 Ra2 53. Ra3 Rb2+ 54. Kc5 Rb8 55. a7 Ra8 56. Kb6 Kxh4 57. Kb7 Rxa7+ 58. Kxa7 g3 59. Kb6 g2 60. Ra1 Kg3 61. Kc5 Kf2 62. Kd4 g1=Q 63. Rxg1 Kxg1 1/2-1/2

[Event "January 9 Early 2024"]
[Site "https://www.chess.com"]
[Date "2024.01.11"]
[Round "4"]
[White "Bartel, Mateusz"]
[Black "Martinez Alcantara, Jose Eduardo"]
[Result "0-1"]
[Board "262"]
[TimeControl "180+1"]
[WhiteFideId "1112635"]
[BlackFideId "3805662"]
[WhiteElo "2818"]
[BlackElo "3036"]
[WhiteTeam "POL"]
[BlackTeam "PER"]
[WhiteClock "0:00:08"]
[BlackClock "0:00:08"]

1. e4 c5 2. Nf3 d6 3. Nc3 a6 4. g3 Nc6 5. Bg2 e6 6. d4 cxd4 7. Nxd4 Bd7 8. O-O Nf6 9. Nb3 Be7 10. a4 Rc8 11. a5 Ne5 12. f4 Nc4 13. g4 O-O 14. g5 Ne8 15. Qg4 g6 16. f5 exf5 17. exf5 Ne5 18. Qg3 Bxf5 19. Nd4 Ng7 20. Nd5 Bxc2 21. Nf6+ Kh8 22. Bxb7 Rc4 23. Be3 Bd3 24. Rfc1 Bxf6 25. gxf6 Nh5 26. Qh4 d5 27. Rxc4 Bxc4 28. Qg5 Re8 29. b3 Bb5 30. Rc1 Qd7 31. Bc8 Qd6 32. Bh3 Nd3 33. Nxb5 axb5 34. Rc8 Rxc8 35. Bxc8 d4 36. Bd2 Ne5 37. Bb7 d3 38. a6 Qd4+ 39. Qe3 Qg4+ 40. Kf2 Qf5+ 41. Kg2 Qg4+ 42. Kf2 Qf5+ 43. Ke1 Nxf6 44. a7 Nfg4 45. a8=Q+ Kg7 46. Qh6+ Nxh6 47. Bxh6+ Kxh6 48. Qf8+ Kg5 49. Qd8+ Kh5 50. Kd2 Qf4+ 51. Kc3 b4+ 52. Kb2 Qxh2+ 53. Kb1 Qg1+ 54. Kb2 Qh2+ 55. Kb1 Qc2+ 56. Ka1 Qc1+ 57. Ka2 Qa3+ 58. Kb1 Qxb3+ 0-1

[Event "January 9 Early 2024"]
[Site "https://www.chess.com"]
[Date "2024.01.11"]
[Round "4"]
[White "Zhigalko, Sergei"]
[Black "Nakamura, Hikaru"]
[Result "0-1"]
[Board "263"]
[TimeControl "180+1"]
[WhiteFideId "13502956"]
[BlackFideId "2016192"]
[WhiteElo "2918"]
[BlackElo "3264"]
[WhiteTeam "BLR"]
[BlackTeam "USA"]
[WhiteClock "0:00:02"]
[BlackClock "0:00:06"]

1. e4 c5 2. c3 g6 3. d4 cxd4 4. cxd4 d5 5. e5 a6 6. Nf3 Nc6 7. h3 f6 8. Nc3 e6 9. Bd3 fxe5 10. Nxe5 Nxe5 11. dxe5 Bg7 12. O-O Ne7 13. Bg5 O-O 14. Qe2 Bd7 15. Kh1 Bc6 16. Rae1 Qc7 17. Bxe7 Qxe7 18. Qg4 Rf7 19. Ne2 Bxe5 20. Nd4 Bxd4 21. Qxd4 Raf8 22. f3 Qd6 23. Re5 Bd7 24. Rfe1 Rc8 25. Qg4 Qb6 26. b3 Rc3 27. Bxg6 hxg6 28. Rg5 Kf8 29. Rxg6 Ke7 30. Qg5+ Ke8 31. Rg8+ Rf8 32. Qg6+ Ke7 33. Rxf8 Kxf8 34. Qf6+ Ke8 35. Qxc3 Qf2 36. Qe5 d4 37. Rd1 d3 38. Qe4 Bb5 39. Qxe6+ Kd8 40. Re1 d2 41. Qe7+ Kc8 42. Qf8+ Kc7 43. Qf4+ Kc8 44. Qf8+ Kc7 45. Qf4+ Kb6 46. Re6+ Ka7 47. Rd6 Qe1+ 48. Kh2 d1=Q 49. Rxd1 Qxd1 50. Qe3+ Kb8 51. Qf4+ Kc8 52. h4 Qd5 53. Qg4+ Bd7 54. Qg7 Qd6+ 55. Qg3 Qh6 0-1

[Event "January 9 Early 2024"]
[Site "https://www.chess.com"]
[Date "2024.01.11"]
[Round "4"]
[White "Herman, Matthew"]
[Black "Agrest, Inna"]
[Result "1/2-1/2"]
[Board "264"]
[TimeControl "180+1"]
[WhiteFideId "2028964"]
[BlackFideId "1708830"]
[WhiteElo "2516"]
[BlackElo "2356"]
[WhiteTeam "USA"]
[BlackTeam "SWE"]
[WhiteClock "0:00:08"]
[BlackClock "0:00:03"]

1. e4 e5 2. Nf3 Nc6 3. Bc4 Nf6 4. d3 h6 5. a4 d6 6. a5 g5 7. O-O Bg7 8. c3 O-O 9. a6 Ne7 10. axb7 Bxb7 11. Nbd2 Ng6 12. Ne1 c6 13. Nc2 d5 14. Ba6 Bxa6 15. Rxa6 Nf4 16. Qf3 Qc8 17. Ra4 Rd8 18. Nb4 a5 19. Nc2 dxe4 20. dxe4 Rd3 21. Ne3 g4 22. Qd1 h5 23. Qc2 Qd7 24. Nf5 Rd8 25. Nxg7 Kxg7 26. Nc4 Qe6 27. Ne3 Kg8 28. Ra1 Nxe4 29. g3 Nh3+ 30. Kg2 Nhg5 31. b3 Nf3 32. Bb2 Rd2 33. Qb1 R8d3 34. Ra4 Nxc3 35. Bxc3 Rxc3 36. Qe4 Rxb3 37. Nf5 Rbb2 38. Rc4 Nd4 39. Nxd4 exd4 40. Rxd4 Qxe4+ 41. Rxe4 c5 42. Re5 c4 43. Rxa5 c3 44. Rc5 c2 45. Rc1 Kg7 46. h3 gxh3+ 47. Kxh3 Rxf2 48. Rxh5 Kg6 49. Rc5 Rd2 50. Rc4 Re2 51. Kg4 f5+ 52. Kf3 Rh2 53. Rc6+ Kg5 54. Rc5 Rd2 55. Ke3 Rg2 56. Kf3 Rh2 57. Rc3 Rd2 58. Ke3 Rh2 59. Kf3 Rd2 60. Ke3 Rh2 61. Kf3 1/2-1/2

[Event "January 9 Early 2024"]
[Site "https://www.chess.com"]
[Date "2024.01.11"]
[Round "4"]
[White "Ter-Sahakyan, Samvel"]
[Black "Firouzja, Alireza"]
[Result "1/2-1/2"]
[Board "265"]
[TimeControl "180+1"]
[WhiteFideId "13302531"]
[BlackFideId "12573981"]
[WhiteElo "2920"]
[BlackElo "3131"]
[WhiteTeam "ARM"]
[BlackTeam "FRA"]
[WhiteClock "0:00:03"]
[BlackClock "0:00:02"]

1. d4 Nf6 2. c4 e6 3. Nc3 Bb4 4. a3 Bxc3+ 5. bxc3 Nc6 6. f3 b6 7. e4 Na5 8. Bd3 Ba6 9. Qe2 O-O 10. Bg5 h6 11. Bh4 g5 12. Bg3 Nh5 13. f4 Ng7 14. Nf3 f5 15. O-O g4 16. Nd2 d5 17. cxd5 Bxd3 18. Qxd3 fxe4 19. Qxe4 Qxd5 20. Qg6 Qf5 21. Qxh6 Rf6 22. Qg5 Rg6 23. Qxf5 exf5 24. Rfe1 Kf7 25. c4 Rd6 26. Bf2 Ne6 27. d5 Ng7 28. Bd4 c6 29. Be5 Rd7 30. d6 Ne8 31. h3 Nxd6 32. hxg4 fxg4 33. Rac1 Nf5 34. Ne4 Rad8 35. c5 Rd3 36. cxb6 axb6 37. Bc7 Nb3 38. Bxd8 Nxc1 39. Bxb6 Nb3 40. Ng5+ Kg6 41. Re6+ Kh5 42. Rxc6 g3 43. Kf1 Rd2 44. Nf3 Ra2 45. Rf6 Nh6 46. Rf8 Ng4 47. Rh8+ Kg6 48. Rg8+ Kf5 49. Rg5+ Kxf4 50. Bc7+ Ke3 51. Bb6+ Kf4 52. Bc7+ Ke3 53. Bb6+ Kf4 1/2-1/2

[Event "January 9 Early 2024"]
[Site "https://www.chess.com"]
[Date "2024.01.11"]
[Round "4"]
[White "Salem, A.R. Saleh"]
[Black "Cordoba Roa, Angel Gabriel"]
[Result "1-0"]
[Board "266"]
[TimeControl "180+1"]
[WhiteFideId "9301348"]
[BlackFideId "3957624"]
[WhiteElo "2975"]
[BlackElo "2639"]
[WhiteTeam "UAE"]
[BlackTeam "COL"]
[WhiteClock "0:00:15"]
[BlackClock "0:00:02"]

1. d4 Nf6 2. c4 e6 3. Nc3 d5 4. Nf3 dxc4 5. e4 b5 6. e5 Nd5 7. Nxb5 Nb6 8. Be2 Nc6 9. O-O Be7 10. Qd2 O-O 11. Qf4 Rb8 12. Qg4 Kh8 13. Qh5 f5 14. exf6 Bxf6 15. Bf4 Nd5 16. Ng5 h6 17. Nf7+ Rxf7 18. Qxf7 Nxf4 19. Bxc4 Na5 20. b3 Nxc4 21. bxc4 a6 22. Nxc7 Rb7 23. Qe8+ Qxe8 24. Nxe8 Bxd4 25. Rad1 Rd7 26. Rfe1 Kg8 27. Nc7 Bb7 28. g3 Bxf2+ 29. Kxf2 Nh3+ 30. Ke3 Rxc7 31. Kd4 Ng5 32. Kc3 Bd5 33. Rc1 Rxc4+ 34. Kb2 Rb4+ 35. Ka1 Ra4 36. Re2 Ne4 37. Rc7 Ra3 38. Rec2 Rf3 39. Kb2 Nf6 40. Ra7 Be4 41. Rd2 Bd3 42. a4 Bc4 43. Rd4 Bd5 44. Rxa6 Rf2+ 45. Kc3 Ne4+ 46. Kb4 Rb2+ 47. Ka5 Nc5 48. Rb6 Nb3+ 49. Ka6 Nc5+ 50. Ka7 Rxh2 51. Rb5 1-0